 Dungeon Crawl Stone Soup version 0.30-a0-305-g026cb31310 (webtiles) character file.

Game seed: 9502948198813227687

98 lunkers the Magician (level 5, 0/38 HPs)
             Began as a Meteoran Hedge Wizard on Oct 24, 2022.
             Slain by Pikel
             ... wielding a +1 whip of flaming
              (3 damage)
             ... on level 3 of the Dungeon.
             The game lasted 00:07:15 (1366 turns).

lunkers the Magician (Meteoran Hedge Wizard)        Turns: 1366, Time: 00:07:16

Health: 0/38       AC:  2    Str: 11    XL:     5   Next: 22%
Magic:  9/13       EV: 12    Int: 18    God:
Gold:   121        SH:  0    Dex: 13    Spells: 5/14 levels left

rFire   . . .      SeeInvis .    a - +0 dagger
rCold   . . .      Faith    .    (no shield)
rNeg    . . .      Spirit   .    b - +0 robe
rPois   .          Reflect  .    c - +0 hat
rElec   .          Harm     .    (no cloak)
rCorr   .          Rampage  .    (no gloves)
Will    .....                    (no boots)
Stlth   +.........               (no amulet)
HPRegen 0.26/turn                (no ring)
MPRegen 0.13/turn                (no ring)

@: glowing
A: sense surroundings 1, otherworldly, glowing, explore regen
a: no special abilities


You were on level 3 of the Dungeon.
You visited 1 branch of the dungeon, and saw 4 of its levels.

You collected 121 gold pieces.

Inventory:

Hand Weapons
 a - a +0 dagger (weapon)
Armour
 b - a +0 robe (worn)
 c - a +0 hat (worn)
Jewellery
 j - a +4 ring of protection
Wands
 p - a wand of polymorph (9)
Scrolls
 e - 2 scrolls of blinking {unknown}
 h - 4 scrolls of identify {unknown}
 i - a scroll of enchant weapon {unknown}
 k - a scroll of magic mapping {unknown}
Potions
 d - a potion of magic
 f - a potion of berserk rage {unknown}
 g - a potion of lignification {unknown}
 l - a potion of might {unknown}
 m - 3 potions of attraction {unknown}
 n - a potion of haste {unknown}
 o - a potion of invisibility {unknown}


   Skills:
 - Level 2.4 Dodging
 - Level 1.4 Stealth
 + Level 5.0 Spellcasting
 - Level 1.7 Conjurations
 * Level 4.0 Summonings
 - Level 1.2 Translocations


You had 5 spell levels left.
You knew the following spells:

 Your Spells              Type           Power      Damage    Failure   Level
b - Call Imp              Summ           19%        N/A       3%          2
c - Call Canine Familiar  Summ           19%        N/A       8%          3
d - Summon Guardian Gole  Hex/Summ       11%        N/A       17%         3
p - Magic Dart            Conj           40%        1d5       6%          1

Your spell library contained the following spells:

 Spells                   Type           Power      Damage    Failure   Level
 Summon Small Mammal      Summ           76%        N/A       2%          1
 Blink                    Tloc           16%        N/A       12%         2
 Slow                     Hex            16%        N/A       13%         1
 Sting                    Tmut/Pois      16%        1d3       13%         1
 Cigotuvi's Dreadful Rot  Necr/Pois/Air  8%         N/A       21%         2
 Poisonous Vapours        Pois/Air       8%         N/A       21%         2
 Sublimation of Blood     Necr           4%         N/A       21%         2
 Wereblood                Tmut           4%         N/A       21%         2
 Mephitic Cloud           Conj/Pois/Air  6%         N/A       30%         3
 Olgreb's Toxic Radiance  Pois           4%         N/A       78%         4
 Summon Hydra             Summ           9%         N/A       100%        7


Dungeon Overview and Level Annotations

Branches:
Dungeon (4/15) Zot: 1030   Temple (0/1) D:4

Altars:

Shops:
D:1 :[(

Annotations:
D:3 Pikel


Innate Abilities, Weirdness & Mutations

You passively map a small area around you.
You are easily found by Zot.
You glow in the dark.
You regain HP and MP as you explore.


Message History

Pikel hits you with a +1 whip of flaming.
* * * LOW HITPOINT WARNING * * *
Pikel burns you.
* * * LOW HITPOINT WARNING * * *
Your hound misses Pikel. Pikel attacks as you move away!
Pikel barely misses you.
Casting: Call Canine Familiar (dangerous; 8% risk of failure)
Confirm with . or Enter, or press ? or * to list all spells.
* * * LOW MAGIC WARNING * * *
Your hound disappears in a puff of smoke!
Pikel hits you with a +1 whip of flaming!
* * * LOW HITPOINT WARNING * * *
Pikel burns you.
* * * LOW HITPOINT WARNING * * *
You swap places.
Your hound closely misses Pikel.
Pikel hits your hound but does no damage.
Your hound bites Pikel but does no damage.
Pikel hits your hound with a +1 whip of flaming!
Pikel burns your hound.
Your hound bites Pikel but does no damage.
Okay, then.
Okay, then.
Your hound misses Pikel.
Pikel hits your hound with a +1 whip of flaming!
Pikel burns your hound.
Your hound dies!
Your hound's corpse disappears in a puff of smoke!
Really walk into that teleport trap?
You enter a teleport trap!
The teleport trap disappears.
Your surroundings suddenly seem different.
Pikel shouts!
Pikel hits you with a +1 whip of flaming.
* * * LOW HITPOINT WARNING * * *
Pikel burns you.
* * * LOW HITPOINT WARNING * * *
Pikel attacks as you move away!
Pikel hits you with a +1 whip of flaming!
* * * LOW HITPOINT WARNING * * *
Pikel burns you.
You die...

#.##.##.# #.....# ##
#.......# #.....# #.
####.#### #.....# #.
#..# #.....# #. ##.#
####### #. #.# #.
#.################.
####.##...............
#....@K.####..########
#.##.##.####..# #
*#....(.##..#
#.#####.#.##..#
#.......#.....#
#######......##
########


You could see Pikel.

Vanquished Creatures
  A lemure (D:3)
  2 adders (D:3)
  A dart slug (D:2)
  An orc (D:2)
  3 ball pythons (D:1)
  5 endoplasms
  A giant cockroach (D:2)
  4 hobgoblins
  A jackal (D:2)
  4 kobolds
  4 bats (D:1)
  5 frilled lizards
  A goblin (D:1)
  4 rats
37 creatures vanquished.

Vanquished Creatures (collateral kills)
  2 lemures (D:3)
  An ufetubus (D:4)
  2 worms (D:3)
  A dart slug (D:3)
  5 orcs
  A bat (D:3)
  3 endoplasms
  3 goblins
  A jackal (D:2)
  A quokka (D:3)
  2 ball pythons
  2 frilled lizards
  A kobold (D:3)
25 creatures vanquished.

Grand Total: 62 creatures vanquished

Notes
Turn   | Place    | Note
-------+----------+-------------------------------------------
     0 | D:1      | lunkers the Meteoran Hedge Wizard began the quest for the
                  | Orb.
     0 | D:1      | Reached XP level 1. HP: 14/14 MP: 6/6
    46 | D:1      | Reached XP level 2. HP: 20/20 MP: 2/8
    66 | D:1      | Learned a level 2 spell: Call Imp
    90 | D:1      | Found Kubev's Weapon Emporium.
   218 | D:1      | Found Baxto's Antique Armour Shop.
   256 | D:1      | Found Qulyg's Book Emporium.
   265 | D:1      | Reached XP level 3. HP: 22/26 MP: 4/9
   377 | D:2      | Learned a level 3 spell: Call Canine Familiar
   670 | D:2      | Learned a level 3 spell: Summon Guardian Golem
   738 | D:2      | Reached XP level 4. HP: 33/33 MP: 7/11
   992 | D:4      | Reached XP level 5. HP: 34/38 MP: 5/13
   995 | D:4      | Reached skill level 5 in Spellcasting
  1029 | D:4      | Found a staircase to the Ecumenical Temple.
  1031 | D:4      | Noticed a lemure
  1032 | D:4      | Noticed a lemure
  1032 | D:4      | Noticed a lemure
  1033 | D:4      | Noticed Pikel
  1049 | D:4      | Noticed a lemure
  1058 | D:3      | Killed a lemure
  1111 | D:3      | Killed a lemure
  1269 | D:3      | Killed a lemure
  1366 | D:3      | Slain by Pikel

Illustrated notes

Levels and vault maps discovered:
D:1:      minmay_arrival_hallway, layout_basic, serial_shops,
          nicolae_shop_trees, nicolae_shop_stone, nicolae_shop_hallway_plus,
          minmay_distorted
D:2:      layout_loops_ring
D:3:      layout_loops_cross, serial_shops, nicolae_shop_crystal, uniq_sigmund,
          uniq_grinder
D:4:      layout_basic, nzn_wu_jian_council_hall, xom_redecorated,
          minmay_temple_entry_junction_2, chequers_decorated_corner,
          chequers_serial_rivers_small_a, minmay_bisected, uniq_pikel

Skill      XL: |  1  2  3  4  5 |
---------------+----------------+-----
Summonings     | 2 3 4 |  4.0
Spellcasting   | 5 |  5.0
Dodging        | |  2.4
Stealth        | |  1.4
Conjurations   | |  1.7
Translocations | |  1.2

Action                   |  1- 3 |  4- 6 || total
-------------------------+-------+-------++-------
Melee: Dagger            |    26 |    11 ||    37
       Punch             |     2 |       ||     2
 Cast: Magic Dart        |    57 |    17 ||    74
       Call Canine Famil |     3 |    24 ||    27
 Stab: Distracted        |       |     1 ||     1
Armor: Robe              |     4 |     2 ||     6
Dodge: Dodged            |    16 |    21 ||    37

Table legend: (Time is in decaauts)
 A = Elapsed time spent in this place.
 B = Non-inter-level travel time spent in this place.
 C = Inter-level travel time spent in this place.
 D = Time resting spent in this place.
 E = Time spent auto-exploring this place.
 F = Levels seen in this place.
 G = Mean time per level.
                   A        B        C        D        E       F      G
               +--------+--------+--------+--------+--------+-----+--------+
         Total |   1369 |   1310 |     59 |      0 |    654 |   4 |  342.2 |
       Dungeon |   1369 |   1310 |     59 |      0 |    654 |   4 |  342.2 |
               +--------+--------+--------+--------+--------+-----+--------+

Top non-repeatable levels by time:
     D:3: 487 daAuts
     D:2: 437 daAuts
     D:1: 372 daAuts
     D:4: 72 daAuts
